 Dungeon Crawl Stone Soup version 0.30-b1-2-g02819fbbbe (webtiles) character file.

Game seed: 3397827963566030284

652 Metae the Covered (level 7, 0/61 HPs)
             Began as a Minotaur Fighter on June 24, 2023.
             Splashed by a jelly's acid (4 damage)
             ... on level 5 of the Dungeon.
             The game lasted 00:12:39 (3110 turns).

Metae the Covered (Minotaur Fighter)                Turns: 3110, Time: 00:12:40

Health: 0/61       AC: 10    Str: 22    XL:     7   Next: 28%
Magic:  0/6        EV:  9    Int:  5    God:
Gold:   181        SH:  5    Dex: 10    Spells: 6/6 levels left

rFire   . . .        l - +1 dagger (drain)
rCold   . . .        c - +0 buckler
rNeg    . . .        k - +0 chain mail
rPois   .            (helmet restricted)
rElec   .            (no cloak)
rCorr   .            (no gloves)
SInv    .            (no boots)
Will    .....        u - amulet of guardian spirit Stlth
                     y - +4 ring of protection
HPRegen 0.30/turn    (no ring)
MPRegen 0.10/turn

%: guardian spirit
@: corroded
A: horns 2, retaliatory headbutt
a: no special abilities


You were on level 5 of the Dungeon.
You visited 1 branch of the dungeon, and saw 5 of its levels.

You collected 181 gold pieces.

Inventory:

Hand Weapons
 l - a +1 dagger of draining (weapon)
Armour
 c - a +0 buckler (worn)
 e - a +3 ring mail of cold resistance
 k - a +0 chain mail (worn)
Jewellery
 u - an amulet of guardian spirit (around neck)
 y - a +4 ring of protection (left hand)
 z - an amulet of the acrobat
 A - a ring of wizardry
Wands
 p - a wand of charming (9)
 s - a wand of flame (7)
Scrolls
 a - 2 scrolls of fear {unknown}
 b - 2 scrolls of enchant armour {unknown}
 f - a scroll of torment {unknown}
 i - 7 scrolls of identify {unknown}
 j - 2 scrolls of fog {unknown}
 m - a scroll of poison {unknown}
 n - 2 scrolls of blinking {unknown}
 o - a scroll of teleportation {unknown}
 t - a scroll of brand weapon {unknown}
 v - 2 scrolls of enchant weapon {unknown}
 B - a scroll of vulnerability {unknown}
Potions
 d - 2 potions of might
 g - a potion of magic {unknown}
 h - a potion of experience {unknown}
 q - a potion of haste {unknown}
 r - a potion of degeneration {unknown}
 w - a potion of attraction {unknown}
 x - a potion of curing {unknown}


   Skills:
 + Level 5.6 Fighting
 + Level 4.4 Short Blades
 + Level 5.6 Armour
 + Level 3.5 Dodging
 + Level 5.5 Shields


You had 6 spell levels left.
You didn't know any spells.
Your spell library contained the following spells:

 Spells                   Type           Power      Damage    Failure   Level
 Inner Flame              Hex/Fire       0%         N/A       100%        3
 Flame Wave               Conj/Fire      0%         2d4       100%        4
 Sticky Flame             Conj/Fire      0%         2d3       100%        4


Dungeon Overview and Level Annotations

Branches:
Dungeon (5/15)
 Temple: D:4-7

Altars:
Ashenzari
Fedhas
Kikubaaqudgha
Sif Muna

Shops:
D:1 *   D:2 (


Innate Abilities, Weirdness & Mutations

You have a pair of horns on your head.
You reflexively headbutt those who attack you in melee.


Message History

You closely miss the orc priest. The orc hits you but does no damage.
The orc priest barely misses you.
You closely miss the orc priest. You block the orc's attack.
The orc priest hits you with a +0 short sword.
You hit the orc priest but do no damage.
You barely miss the orc priest. Your headbutt misses the orc priest.
The orc hits you but does no damage.
The orc priest mumbles some strange prayers to Beogh against you.
Pain shoots through your body!
* * * LOW HITPOINT WARNING * * *
The jelly closely misses you.
Unknown command.
You hit the orc priest. You drain the orc priest. You headbutt the orc priest.
The orc priest is almost dead.
The orc misses you. The orc priest closely misses you.
The jelly completely misses you.
You hit the orc priest.
You kill the orc priest!
The orc hits you but does no damage. The jelly barely misses you.
You furiously retaliate!
You headbutt the jelly. You hit the orc but do no damage. You drain the orc.
You kill the orc!
The jelly closely misses you.
You hit the jelly. You drain the jelly. The acid corrodes you!
Your hands burn!
* * * LOW HITPOINT WARNING * * *
The jelly is almost dead.
You hit the jelly.
Your hands burn!
* * * LOW HITPOINT WARNING * * *
The jelly is almost dead.
The jelly hits you but does no damage.
You hit the jelly but do no damage.
Your hands burn!
* * * LOW HITPOINT WARNING * * *
The jelly is almost dead.
The jelly hits you but does no damage.
You hit the jelly but do no damage.
Your hands burn!
* * * LOW HITPOINT WARNING * * *
The jelly is almost dead.
The jelly barely misses you.
You hit the jelly.
Your hands burn!
You die...

#. .# ##.####. #
#......##. #........
#......# #......#
#.J)...# #..@...#
#.))...# ##......#
#......?# ##.#######
##..# #..## #####
#.## #...
#.############.######


You could see a jelly (very drained).

Vanquished Creatures
  2 black bears (D:4)
  An ogre (D:4)
  The ghost of arta456 the Conjurer, an amateur DECj (D:3)
  A howler monkey (D:4)
  2 orc priests (D:5)
  Jessica (D:2)
  Natasha (thrice) (D:3)
  Robin (D:4)
  3 gnolls (D:2)
  An adder (D:2)
  A worm (D:4)
  2 dart slugs (D:2)
  4 orcs
  4 bats
  3 endoplasms
  2 giant cockroaches
  19 goblins
  6 hobgoblins
  3 quokkas
  4 ball pythons
  4 kobolds
  8 rats
76 creatures vanquished.

Vanquished Creatures (others)
  4 fungi (D:3)
  18 plants
22 creatures vanquished.

Grand Total: 98 creatures vanquished

Notes
Turn   | Place    | Note
-------+----------+-------------------------------------------
     0 | D:1      | Metae the Minotaur Fighter began the quest for the Orb.
     0 | D:1      | Reached XP level 1. HP: 19/19 MP: 0/0
   316 | D:1      | Found Quiteqa's Assorted Antiques.
   351 | D:1      | Reached XP level 2. HP: 27/27 MP: 1/1
   959 | D:2      | Reached skill level 1 in Dodging
   959 | D:2      | Reached XP level 3. HP: 16/33 MP: 2/2
   973 | D:2      | Noticed Jessica
  1275 | D:2      | Found Foimoosm's Antique Weapon Shop.
  1391 | D:2      | Killed Jessica
  1392 | D:2      | Reached XP level 4. HP: 25/40 MP: 3/3
  1652 | D:3      | Found a faded altar of an unknown god.
  1652 | D:3      | Noticed Natasha
  1662 | D:3      | Killed Natasha
  1773 | D:3      | Found a broken altar of Ashenzari.
  1778 | D:3      | Noticed Natasha
  1895 | D:3      | Found a blossoming altar of Fedhas.
  1949 | D:3      | Reached XP level 5. HP: 47/47 MP: 4/4
  2025 | D:3      | Killed Natasha
  2078 | D:3      | Noticed Natasha
  2080 | D:3      | Found a large runed translucent door.
  2080 | D:3      | Found a large runed translucent door.
  2086 | D:3      | Killed Natasha
  2091 | D:3      | Noticed arta456's ghost (amateur DECj)
  2105 | D:3      | Killed arta456's ghost
  2288 | D:3      | Found a shimmering blue altar of Sif Muna.
  2359 | D:4      | Noticed Robin
  2368 | D:4      | Killed Robin
  2369 | D:4      | Reached XP level 6. HP: 45/55 MP: 5/5
  2391 | D:4      | Reached skill level 5 in Armour
  2471 | D:4      | Reached skill level 5 in Fighting
  2471 | D:4      | Reached skill level 5 in Shields
  2683 | D:4      | Reached XP level 7. HP: 55/61 MP: 6/6
  3055 | D:5      | Entered Level 5 of the Dungeon
  3061 | D:5      | Found an ancient bone altar of Kikubaaqudgha.
  3110 | D:5      | Splashed by a jelly's acid

Illustrated notes

Levels and vault maps discovered:
D:1:      dpeg_arrival_orchard, layout_rooms, serial_shops, nicolae_shop_trees
D:2:      layout_basic, serial_shops, nicolae_shop_advertising_works
          [nicolae_subvault_shop_adworks], nicolae_grassy_gnolls, uniq_jessica
D:3:      layout_rooms, mainiacjoe_overflow_catwalk, lemuel_blue_sif_altar,
          marbit_many_paths, ebering_ghost_disaster_area,
          dreamdust_ecumenical_altar_grove, serial_park_tiny_1, uniq_natasha
D:4:      layout_cave_pools, uniq_robin
D:5:      minmay_recursive_quarters, layout_basic, kiku_gazebo_garden_becter

Skill      XL: |  1  2  3  4  5  6 |
---------------+-------------------+-----
Fighting       | 4 5 |  5.6
Armour         | 4 5 |  5.6
Shields        | 4 5 |  5.5
Dodging        | 1 2 3 |  3.5
Short Blades   | 3 4 |  4.4

Action                     |  1- 3 |  4- 6 |  7- 9 || total
---------------------------+-------+-------+-------++-------
  Melee: Rapier            |     7 |       |       ||     7
         Dagger            |    48 |   117 |    28 ||   193
         Headbutt          |     8 |    24 |     4 ||    36
 Armour: Chain mail        |    34 |    83 |     8 ||   125
         Ring mail         |     3 |       |       ||     3
  Dodge: Dodged            |    24 |    37 |    12 ||    73
  Block: Buckler           |    19 |    25 |     3 ||    47
